 Dungeon Crawl Stone Soup version 0.30-a0-778-g2ef04afb54 (webtiles) character file.

Game seed: 12372947697057482963

9 Goldberg the Covered (level 2, -5/24 HPs)
             Began as a Human Fighter on Feb 15, 2023.
             Slain by a gnoll
             ... wielding a +0 flail
              (6 damage)
             ... on level 1 of the Dungeon.
             The game lasted 00:01:21 (294 turns).

Goldberg the Covered (Human Fighter)                 Turns: 294, Time: 00:01:21

Health: -5/24      AC:  6    Str: 16    XL:     2   Next: 25%
Magic:  2/2        EV:  8    Int:  8    God:
Gold:   0          SH:  4    Dex: 12    Spells: 1/1 levels left

rFire   . . .      SeeInvis .    a - +0 trident
rCold   . . .      Faith    .    c - +0 buckler
rNeg    . . .      Spirit   .    b - +0 scale mail
rPois   .          Reflect  .    (no helmet)
rElec   .          Harm     .    (no cloak)
rCorr   .          Rampage  .    (no gloves)
Will    .....                    (no boots) Stlth
                                 (no amulet)
HPRegen 0.24/turn                (no ring)
MPRegen 0.08/turn                (no ring)

@: no status effects
A: no striking features
a: no special abilities


You were on level 1 of the Dungeon.
You visited 1 branch of the dungeon, and saw 1 of its levels.

Inventory:

Hand Weapons
 a - a +0 trident (weapon)
Armour
 b - a +0 scale mail (worn)
 c - a +0 buckler (worn)
Scrolls
 e - a scroll of fear {unknown}
 f - a scroll of enchant armour {unknown}
 h - a scroll of enchant weapon {unknown}
Potions
 d - a potion of might
 g - a potion of curing {unknown}


   Skills:
 + Level 3.1 Fighting
 + Level 2.0 Polearms
 + Level 3.2 Armour
 + Level 3.2 Shields


You had one spell level left.
You didn't know any spells.
Your spell library was empty.

Dungeon Overview and Level Annotations

Branches:
Dungeon (1/15)

Altars:


Message History

You see here a +0 war axe.
An endoplasm comes into view.
The endoplasm quivers.
You see here a scroll labelled ROSACAWAKH.
You see here a scroll labelled ROSACAWAKH.
h - a scroll labelled ROSACAWAKH You reach to attack!
You puncture the endoplasm!
You kill the endoplasm!
A hobgoblin comes into view.
The hobgoblin shouts!
You reach to attack!
You hit the hobgoblin.
You kill the hobgoblin!
A gnoll comes into view. It is wielding a +0 flail.
The gnoll shouts!
A kobold comes into view. It is wielding a +0 short sword.
The kobold shouts!
A hobgoblin comes into view.
The hobgoblin shouts!
You reach to attack!
You barely miss the gnoll. The gnoll hits you with a +0 flail!
Ouch! That really hurt!
The kobold throws a stone.
The stone barely misses you.
You hit the gnoll.
The gnoll is moderately wounded.
The gnoll hits you with a +0 flail!
* * * LOW HITPOINT WARNING * * *
You barely miss the gnoll.
The gnoll is moderately wounded.
You block the gnoll's attack. The kobold attacks as you move away!
The kobold hits you with a +0 short sword.
* * * LOW HITPOINT WARNING * * *
The kobold throws a stone.
The stone hits you but does no damage. The hobgoblin hits you.
* * * LOW HITPOINT WARNING * * *
You hit the hobgoblin but do no damage. The hobgoblin closely misses you.
The gnoll barely misses you.
You hit the hobgoblin but do no damage. The gnoll hits you but does no damage.
The hobgoblin barely misses you. x2; The gnoll hits you with a +0 flail.
You die...

+......# #.......#
###.
......######.......#
#.
#.................#
#.
#........##.......#
##
#.................# #
#........########....
. #.......K# #.### #
#####+##g# .# #@# .#
#g# ... #..## #..#
#..# ...# ..##


You could see a gnoll, a hobgoblin and a kobold.

Vanquished Creatures
  2 endoplasms (D:1)
  A hobgoblin (D:1)
  4 jackals (D:1)
7 creatures vanquished.

Notes
Turn   | Place    | Note
-------+----------+-------------------------------------------
     0 | D:1      | Goldberg the Human Fighter began the quest for the Orb.
     0 | D:1      | Reached XP level 1. HP: 18/18 MP: 1/1
    60 | D:1      | Reached XP level 2. HP: 9/24 MP: 2/2
   292 | D:1      | HP: 1/24 [hobgoblin (1)]
   294 | D:1      | Slain by a gnoll

Illustrated notes

Levels and vault maps discovered:
D:1:      ncdulo_halloftheorcs, layout_basic

Action                     || total
---------------------------++-------
  Melee: Trident           ||    25
 Armour: Scale mail        ||    23
  Dodge: Dodged            ||    19
  Block: Buckler           ||    10

Table legend: (Time is in decaauts)
 A = Elapsed time spent in this place.
 B = Non-inter-level travel time spent in this place.
 C = Inter-level travel time spent in this place.
 D = Time resting spent in this place.
 E = Time spent auto-exploring this place.
 F = Levels seen in this place.
 G = Mean time per level.
                   A        B        C        D        E       F      G
               +--------+--------+--------+--------+--------+-----+--------+
         Total |    299 |    299 |      0 |     63 |    152 |   1 |  299.0 |
       Dungeon |    299 |    299 |      0 |     63 |    152 |   1 |  299.0 |
               +--------+--------+--------+--------+--------+-----+--------+

Top non-repeatable levels by time:
     D:1: 299 daAuts
